 Dungeon Crawl Stone Soup version 0.28.0-49-g6dfe1f597d (webtiles) character file.

Game seed: 17537468235113111860

1 joe1234567 the Charlatan (level 1, 0/9 HPs)
             Began as a Spriggan Artificer on May 18, 2022.
             Constricted to death by a ball python (1 damage)
             ... on level 1 of the Dungeon.
             The game lasted 00:00:36 (54 turns).

joe1234567 the Charlatan (Spriggan Artificer)         Turns: 54, Time: 00:00:36

Health: 0/9        AC:  2    Str:  8    XL:     1   Next: 16%
Magic:  2/2        EV: 14    Int: 12    God:
Gold:   0          SH:  0    Dex: 15    Spells: 0/0 levels left

rFire   . . .      SeeInvis +   a - +0 club
rCold   . . .      Faith    .   (no shield)
rNeg    . . .      Spirit   .   b - +0 robe
rPois   .          Reflect  .   (helmet restricted)
rElec   .          Harm     .   (no cloak)
rCorr   .          Rampage  .   (gloves unavailable)
Will    .....                   (boots unavailable)
Stlth   ++........              (no amulet)
HPRegen 0.03/turn               (no ring)
MPRegen 0.08/turn               (no ring)

@: constricted, very quick
A: very small, no large weapons, unfitting armour, see invisible, speed 3
a: no special abilities


You were on level 1 of the Dungeon.
You visited 1 branch of the dungeon, and saw 1 of its levels.

Inventory:

Hand Weapons
 a - a +0 club (weapon)
Armour
 b - a +0 robe (worn)
 f - a +0 leather armour
Wands
 c - a wand of flame (15) (quivered)
 d - a wand of charming (15)
Miscellaneous
 e - a piece from Xom's chessboard (15/15)


   Skills:
 + Level 0.7 Fighting
 + Level 3.2 Dodging
 + Level 1.5 Stealth
 + Level 4.0 Evocations


You couldn't memorise any spells.
You didn't know any spells.
Your spell library was empty.

Dungeon Overview and Level Annotations

Branches:
Dungeon (1/15)

Altars:


Innate Abilities, Weirdness & Mutations

You are very small and have problems with some larger weapons.
You are too small for most types of armour.
You have supernaturally acute eyesight. (SInv)
You cover ground extremely quickly. (Speed+++)


Message History

You closely miss the bat. The bat hits you but does no damage.
The bat closely misses you.
A bat comes into view.
You hit the frilled lizard.
The frilled lizard is heavily wounded.
The frilled lizard misses you. The ball python closely misses you.
The ball python grabs you. The ball python constricts you.
You hit the frilled lizard.
You kill the frilled lizard!
The bat hits you but does no damage.
The ball python bites you but does no damage.
The ball python constricts you.
You hit the bat.
You kill the bat!
The ball python bites you. The ball python constricts you.
The ball python bites you.
* * * LOW HITPOINT WARNING * * *
The ball python constricts you.
You escape the ball python's grasp.
The ball python misses you. The ball python grabs you.
The ball python constricts you.
You barely miss the ball python. The ball python closely misses you.
The ball python constricts you.
You closely miss the ball python. The ball python closely misses you.
The ball python constricts you.
The ball python bites you but does no damage.
The ball python constricts you.
You barely miss the ball python. The ball python closely misses you.
The ball python constricts you. The ball python closely misses you.
The ball python constricts you.
You closely miss the ball python. The ball python completely misses you.
The ball python constricts you.
* * * LOW HITPOINT WARNING * * *
Unknown command.
You hit the ball python.
The ball python is severely wounded.
The ball python bites you but does no damage.
The ball python constricts you. The ball python closely misses you.
The ball python constricts you.
You die...

#..#########
#.......@Sb#
#.########.#
#...S....#
#.#################
#.......#.........#
#S#####.#...###...#
.... #.'...#†#.<.#
######
#.#...###...#
#.#.........#


You could see a bat and a ball python.

Vanquished Creatures
  A bat (D:1)
  A frilled lizard (D:1)
2 creatures vanquished.

Notes
Turn   | Place    | Note
-------+----------+-------------------------------------------
     0 | D:1      | joe1234567 the Spriggan Artificer began the quest for the
                  | Orb.
     0 | D:1      | Reached XP level 1. HP: 9/9 MP: 2/2
    54 | D:1      | Constricted to death by a ball python

Illustrated notes

Levels and vault maps discovered:
D:1:      nicolae_arrival_memento_mori, layout_basic

Action                   || total
-------------------------++-------
Melee: Club              ||     9
Armor: Robe              ||     5
Dodge: Dodged            ||    11
